 Dungeon Crawl Stone Soup version 0.21.0-25-ge575cb9 (webtiles) character file.

7306 Miyamura the Blocker (level 11, -3/87 HPs)
             Began as a Formicid Fighter on Jan 24, 2018.
             Was a Believer of Cheibriados.
             Killed from afar by an electric eel (10 damage)
             ... with a bolt of electricity
             ... on level 8 of the Dungeon.
             The game lasted 00:20:56 (13129 turns).

Miyamura the Blocker (Formicid Fighter)            Turns: 13129, Time: 00:20:57

Health: -3/87      AC: 15    Str: 25    XL:     11   Next: 34%
Magic:  14/14      EV: 12    Int: 15    God:    Cheibriados [**....]
Gold:   251        SH: 16    Dex: 14    Spells: 10/10 levels left

rFire    . . .     SeeInvis +   a - +0 long sword
rCold    + . .     Gourm    .   c - +0 shield
rNeg     . . .     Faith    .   J - +1 chain mail {rC+}
rPois    .         Spirit   .   (helmet unavailable)
rElec    .         Reflect  +   B - +2 cloak {MR+}
rCorr    .         Harm     .   (no gloves)
MR       ++...                  (no boots)
Stlth    ..........             j - +4 amulet of reflection
HPRegen  0.24/turn              (no ring)
MPRegen  0.14/turn              (no ring)

@: very slightly contaminated, invisible, very slow
A: permanent stasis, dig shafts and tunnels, four strong arms, antennae 3
a: Dig, Shaft Self, Bend Time, Renounce Religion


You were on level 8 of the Dungeon.
You worshipped Cheibriados.
Cheibriados was pleased with you.
You were not hungry.

You visited 1 branch of the dungeon, and saw 8 of its levels.

You collected 399 gold pieces.
You spent 148 gold pieces at shops.

Inventory:

Hand Weapons
 a - a +0 long sword (weapon)
 o - a +0 whip of electrocution
 q - a +1 spear of venom
 w - a +0 arbalest of velocity
 y - a +0 scimitar of holy wrath
Missiles
 b - 2 javelins (quivered)
 k - 52 arrows
 G - 60 bolts
Armour
 c - a +0 shield (worn)
 B - a +2 cloak of magic resistance (worn)
 J - a +1 chain mail of cold resistance (worn)
Jewellery
 j - a +4 amulet of reflection (around neck)
Wands
 t - a wand of acid (6)
 C - a wand of polymorph (7)
 E - a wand of flame (14)
Scrolls
 e - a scroll of fog
 l - a scroll of fear
 m - a scroll of enchant armour
 n - 3 scrolls of enchant weapon
 v - a scroll of amnesia
 z - 3 scrolls of immolation
 A - a scroll of magic mapping
 D - 2 scrolls of remove curse
Potions
 d - a potion of ambrosia
 g - 3 potions of curing
 h - 2 potions of mutation
 i - a potion of brilliance
 s - a potion of heal wounds
 u - a potion of flight
 x - a potion of berserk rage {unknown}
Books
 r - a book of Geomancy

   Spells                             Type                      Level
   a - Sandblast                      Earth                        1
   b - Passwall                       Transmutation/Earth          2
   c - Stone Arrow                    Conjuration/Earth            3
   d - Petrify                        Transmutation/Earth          4
   e - Lee's Rapid Deconstruction     Earth                        5
Comestibles
 f - 7 rations
 F - a chunk of flesh


   Skills:
 + Level 8.4 Fighting
 + Level 7.3 Long Blades
 + Level 4.3 Crossbows
 + Level 8.4 Armour
 + Level 6.2 Dodging
 + Level 9.1 Shields
 + Level 5.1 Invocations


You had 10 spell levels left.
You didn't know any spells.

Dungeon Overview and Level Annotations

Branches:
Dungeon (8/15)             Temple (0/1) D:7
   Lair: D:8-11

Altars:
Ashenzari
Cheibriados
Hepliaklqana
Qazlal
Ru
Sif Muna
Trog
Uskayaw
Vehumet
Wu Jian
Xom

Shops:
D:4 %?(


Innate Abilities, Weirdness & Mutations

You cannot be hasted, slowed, berserked, paralysed or teleported.
You can dig through walls and to a lower floor.
Your four strong arms can wield two-handed weapons with a shield.
You have a pair of large antennae on your head. (SInv)


Message History

The electric eel shoots out a bolt of lightning at you!
The bolt of electricity hits you! x2
You hit the electric eel.
The electric eel is moderately wounded.
The electric eel shoots out a bolt of lightning at you!
The bolt of electricity hits you! The bolt of electricity misses you.
You hit the electric eel.
The electric eel is moderately wounded.
The electric eel shoots out a bolt of lightning at you!
The bolt of electricity hits you! x2
You feel much better.
The electric eel shoots out a bolt of lightning at you!
The bolt of electricity hits you! x2
You fade into invisibility!
The electric eel shoots out a bolt of lightning at you!
The bolt of electricity hits you! The bolt of electricity misses you.
You are very lightly contaminated with residual magic.
The electric eel shoots out a bolt of lightning at you!
The bolt of electricity hits you!
You die... ### ##..≈ ♣♣P♣ ##.. #..PP♣PPP

≈♣≈≈.###...
##.PP♣≈PP.PP♣≈PP.##....
#..≈P≈≈.#PP≈≈≈PP.##....
##.PP≈≈≈P #.P♣≈..##....
#...P♣≈.## #≈≈PP.##....
#..≈P≈P..# #.≈♣≈.##....
#.PPP;.@.# #P≈≈P.##....
#####.≈≈≈PP..####≈≈≈≈.##....
........P≈≈.......#P.≈.#.....
...........#..####.#####......
..............## #..# #O.....
..............# ##.## #......
..............# ##...###......
.............## ##.....##......
.............####..............


You could see an electric eel.

Vanquished Creatures
  Gastronok (D:8)
  A two-headed ogre (D:8)
  The ghost of Miyamura the Shield-Bearer, a novice FoFi of Cheibriados (D:6)
  Psyche (D:8)
  The ghost of ZorroFel the Sneak, a novice FeMo of Cheibriados (D:5)
  2 hippogriffs
  Sigmund (D:4)
  Menkaure (D:6)
  4 orc warriors
  2 black bears
  3 sky beasts
  2 ice beasts
  2 ogres
  A necrophage (D:6)
  A crocodile (D:7)
  5 bullfrogs
  A gnoll sergeant (D:5)
  2 scorpions
  A wyvern skeleton (D:7)
  3 electric eels (D:8)
  A howler monkey (D:7)
  A centaur zombie (D:7)
  2 crimson imps
  2 jellies
  A bullfrog skeleton (D:5)
  3 gnoll shamans
  4 hounds
  3 iguanas
  6 orc wizards
  9 worker ants
  Natasha (thrice) (D:4)
  A killer bee zombie (D:8)
  A howler monkey zombie (D:6)
  22 gnolls
  7 adders
  A shadow imp (D:7)
  An ooze (D:1)
  7 worms
  2 dart slugs
  2 leopard geckos
  20 orcs
  8 giant cockroaches
  4 goblins
  4 hobgoblins
  18 jackals
  6 quokkas
  6 bats
  5 frilled lizards
  4 kobolds
  7 rats
  A plant (D:8)
198 creatures vanquished.

Vanquished Creatures (others)
  An orc wizard (D:7)
1 creature vanquished.

Grand Total: 199 creatures vanquished

Notes
Turn   | Place    | Note
-------+----------+-------------------------------------------
     0 | D:1      | Miyamura the Formicid Fighter began the quest for the Orb.
     0 | D:1      | Reached XP level 1. HP: 18/18 MP: 1/1
   131 | D:1      | Reached XP level 2. HP: 24/24 MP: 2/2
   391 | D:1      | Reached XP level 3. HP: 29/29 MP: 3/3
   591 | D:1      | Reached skill level 4 in Shields
  1051 | D:2      | Found a bloodstained altar of Trog.
  1085 | D:2      | Reached skill level 1 in Dodging
  1101 | D:2      | Found a shimmering altar of Xom.
  1197 | D:2      | Reached XP level 4. HP: 23/37 MP: 4/4
  2245 | D:3      | Reached XP level 5. HP: 42/42 MP: 5/5
  2433 | D:2      | HP: 2/42 [poisoned by a kobold]
  2441 | D:2      | HP: 1/42 [poisoned by a kobold]
  3336 | D:4      | Reached XP level 6. HP: 47/48 MP: 6/6
  3350 | D:4      | Found Viab's Food Boutique.
  3510 | D:4      | Noticed Natasha
  3523 | D:4      | Killed Natasha
  3628 | D:4      | Found a deep blue altar of Sif Muna.
  3695 | D:4      | Noticed Sigmund
  3702 | D:4      | Killed Sigmund
  3702 | D:4      | Reached skill level 5 in Shields
  3702 | D:4      | Reached XP level 7. HP: 55/55 MP: 7/7
  3720 | D:4      | Found Xifeimuekk's Weapon Boutique.
  3729 | D:4      | Bought a +0 scimitar of holy wrath for 92 gold pieces
  3818 | D:4      | Found Zikh's Magic Scroll Shop.
  3827 | D:4      | Bought a scroll of identify for 28 gold pieces
  3827 | D:4      | Bought a scroll of identify for 28 gold pieces
  4190 | D:4      | Noticed Natasha
  4200 | D:4      | Killed Natasha
  4255 | D:4      | Noticed Natasha
  4262 | D:4      | Killed Natasha
  4356 | D:5      | Entered Level 5 of the Dungeon
  4423 | D:5      | Reached skill level 5 in Fighting
  4423 | D:5      | Reached skill level 5 in Armour
  4430 | D:5      | Noticed ZorroFel's ghost (novice FeMo)
  4892 | D:5      | Reached XP level 8. HP: 62/62 MP: 8/8
  5834 | D:5      | Reached skill level 6 in Shields
  6066 | D:6      | Noticed Miyamura's ghost (novice FoFi)
  7373 | D:6      | Reached skill level 5 in Long Blades
  7453 | D:6      | Reached XP level 9. HP: 58/69 MP: 9/9
  7456 | D:6      | Noticed Menkaure
  7696 | D:6      | Killed Menkaure
  7836 | D:6      | Killed Miyamura's ghost
  7836 | D:6      | Reached skill level 7 in Shields
  8045 | D:6      | Found an ornate altar of the Wu Jian Council.
  8183 | D:7      | Found a snail-covered altar of Cheibriados.
  8196 | D:7      | Became a worshipper of Cheibriados the Contemplative
  8199 | D:7      | Found a shattered altar of Ashenzari.
  8199 | D:7      | Found a hazy altar of Hepliaklqana.
  8206 | D:7      | Found a radiant altar of Vehumet.
  8464 | D:7      | Reached skill level 1 in Invocations
  8578 | D:6      | Reached skill level 1 in Crossbows
  8969 | D:7      | Reached XP level 10. HP: 79/79 MP: 11/11
  9010 | D:7      | Reached skill level 5 in Dodging
  9227 | D:6      | Reached * piety under Cheibriados
  9419 | D:7      | Found a sacrificial altar of Ru.
  9454 | D:7      | Found a stormy altar of Qazlal.
  9583 | D:7      | Found a staircase to the Ecumenical Temple.
  9738 | D:7      | Reached skill level 8 in Shields
 10842 | D:5      | Killed ZorroFel's ghost
 11098 | D:8      | Noticed a two-headed ogre
 11198 | D:8      | Noticed Maurice
 11205 | D:7      | Noticed Maurice
 11205 | D:7      | Maurice changed into Maurice the scorpion
 11212 | D:7      | Killed Maurice the scorpion
 11560 | D:8      | Reached ** piety under Cheibriados
 11659 | D:8      | Noticed Gastronok
 11764 | D:8      | Killed Gastronok
 11764 | D:8      | Reached XP level 11. HP: 60/86 MP: 12/14
 11867 | D:8      | Noticed Psyche
 11868 | D:8      | Noticed a hand axe
 11869 | D:8      | Noticed a hand axe
 11877 | D:8      | Killed Psyche
 11880 | D:8      | Found a hide-covered altar of Uskayaw.
 11929 | D:8      | Killed a two-headed ogre
 11929 | D:8      | Reached skill level 9 in Shields
 11929 | D:8      | Reached skill level 5 in Invocations
 13126 | D:8      | HP: 3/87 [electric eel/bolt of electricity (7)]
 13129 | D:8      | Killed from afar by an electric eel

Skill      XL: |  1  2  3  4  5  6  7  8  9 10 11 |
---------------+----------------------------------+-----
Shields        | 4 5 6 7 8 9 |  9.1
Dodging        | 1 2 3 4 5 6 |  6.2
Fighting       | 4 5 6 7 8 |  8.4
Armour         | 4 5 6 7 8 |  8.4
Long Blades    | 3 4 5 6 7 |  7.3
Invocations    | 1 4 5 |  5.1
Crossbows      | 1 3 4 |  4.3

Action                   |  1- 3 |  4- 6 |  7- 9 | 10-12 || total
-------------------------+-------+-------+-------+-------++-------
Melee: Long sword        |   114 |   190 |   467 |   274 ||  1045
       Scimitar          |       |       |    60 |    20 ||    80
 Fire: Arbalest          |       |       |       |    16 ||    16
Invok: Bend Time         |       |       |     2 |       ||     2
Evoke: Wand              |       |       |     6 |    19 ||    25
  Use: Potion            |       |     1 |     4 |     2 ||     7
       Scroll            |       |       |    21 |     1 ||    22
 Stab: Invisible         |       |       |     1 |       ||     1
  Eat: Chunk             |     1 |     8 |    12 |     6 ||    27
       Ration            |       |       |     2 |       ||     2
Armor: Scale mail        |    64 |    69 |       |       ||   133
       Chain mail        |       |     1 |   156 |    84 ||   241
       Skin              |       |       |       |    12 ||    12
Dodge: Dodged            |    55 |    57 |   140 |    92 ||   344
Block: Shield            |    74 |   115 |   459 |   256 ||   904
       Reflection        |       |       |     1 |     2 ||     3
       Rpst.: Long sword |    14 |    13 |    36 |    28 ||    91
       Scimitar          |       |       |     3 |     1 ||     4
